 Dungeon Crawl Stone Soup version 0.23.2-33-g5129a83184 (webtiles) character file.

Game seed: 15692984278724331575

313 Folque the Magician (level 6, -1/44 HPs)
             Began as a Demonspawn Ice Elementalist on June 30, 2019.
             Slain by a phantom (6 damage)
             ... on level 4 of the Dungeon.
             The game lasted 00:17:16 (4521 turns).

Folque the Magician (Demonspawn Ice Elementalist)   Turns: 4521, Time: 00:17:17

Health: -1/44      AC:  8    Str:  8    XL:     6   Next: 19%
Magic:  0/12       EV: 12    Int: 18    God:
Gold:   178        SH:  0    Dex: 14    Spells: 3/13 levels left

rFire    + . .     SeeInvis .   d - +0 spear
rCold    . . .     Gourm    .   (no shield)
rNeg     . . .     Faith    .   a - +0 robe
rPois    .         Spirit   .   (no helmet)
rElec    .         Reflect  .   (no cloak)
rCorr    .         Harm     .   (no gloves)
MR       .....                  j - +0 pair of boots
Stlth    +.........             (no amulet)
HPRegen  0.14/turn              (no ring)
MPRegen  0.13/turn              (no ring)

@: icy armour, very slow
A: talons 2, fire resistance 1
a: no special abilities


You were on level 4 of the Dungeon.
You were near starving.

You visited 1 branch of the dungeon, and saw 4 of its levels.

You collected 178 gold pieces.

Inventory:

Hand Weapons
 d - a +0 spear (weapon)
Missiles
 g - 14 poisoned needles
 s - 6 javelins (quivered)
Armour
 a - a +0 robe (worn)
 j - a +0 pair of boots (worn)
Jewellery
 b - an uncursed ring of magical power {unknown}
 f - an uncursed ring of protection from fire {unknown}
 l - a cursed -2 ring of evasion {unknown}
Wands
 e - a wand of iceblast (9)
 t - a wand of enslavement (12)
Scrolls
 h - 2 scrolls of remove curse {unknown}
 i - 2 scrolls of enchant weapon {unknown}
 m - 2 scrolls of identify {unknown}
 n - 2 scrolls of fog {unknown}
 o - a scroll of enchant armour {unknown}
 q - a scroll of amnesia {unknown}
 r - a scroll of fear {unknown}
Comestibles
 c - 6 rations


   Skills:
 - Level 2.2 Fighting
 - Level 1.7 Dodging
 - Level 1.7 Stealth
 + Level 4.2 Spellcasting
 - Level 1.0 Conjurations
 + Level 1.5 Summonings
 * Level 4.1 Ice Magic


You had 3 spell levels left.
You knew the following spells:

 Your Spells              Type           Power        Failure   Level  Hunger
a - Freeze                Ice            ###.         2%          1    None
b - Throw Frost           Conj/Ice       ##....       8%          2    ##.....
c - Ozocubu's Armour      Chrm/Ice       ##......     19%         3    ###....
d - Summon Ice Beast      Ice/Summ       ##......     41%         4    ####...

Your spell library contained the following spells:

 Spells                   Type           Power        Failure   Level  Hunger
 Throw Icicle             Conj/Ice       ##......     45%         4    ####...


Dungeon Overview and Level Annotations

Branches:
Dungeon (4/15)
 Temple: D:4-7

Altars:
Trog

Annotations:
D:3 Pikel


Innate Abilities, Weirdness & Mutations

You have razor-sharp toenails.
Your flesh is heat resistant. (rF+)


Message History

The phantom is severely damaged.
The phantom closely misses you.
You hit the phantom but do no damage.
The phantom is severely damaged.
The phantom hits you.
* * * LOW HITPOINT WARNING * * *
The phantom blinks!
Casting: Throw Frost (safe; 8% risk of failure)
Confirm with . or Enter, or press ? or * to list all spells.
A film of ice covers your body!
Your magical contamination has completely faded away.
Attack whom?
Press: ? - help, Dir - move target cursor, f/p - phantom
Aim: a phantom (severely damaged)
You reach to attack!
You closely miss the phantom.
The phantom is severely damaged.
You barely miss the phantom.
The phantom is severely damaged.
The phantom hits you.
You die...

#≈##########.#....
#≈≈†Y†≈# #.#####
####w#≈# #.#
#≈≈≈≈#≈# #.#
#≈##≈#≈# #≈#≈≈#≈#
#†#≈##≈# #W#≈ #≈≈
#@#≈ #≈# ####


You could see a phantom.

Vanquished Creatures
  2 slaves (D:3)
  A centaur skeleton (D:3)
  Terence (D:2)
  Natasha (thrice) (D:3)
  3 gnolls (D:3)
  3 adders
  3 river rats
  2 oozes
  5 worms
  An orc (D:3)
  7 bats
  A giant cockroach (D:3)
  8 goblins
  7 hobgoblins
  8 jackals
  5 kobolds
  3 quokkas
  2 frilled lizards
  13 rats
78 creatures vanquished.

Vanquished Creatures (collateral kills)
  A slave (D:4)
  An adder (D:4)
  2 worms (D:4)
4 creatures vanquished.

Grand Total: 82 creatures vanquished

Notes
Turn   | Place    | Note
-------+----------+-------------------------------------------
     0 | D:1      | Folque the Demonspawn Ice Elementalist began the quest for
                  | the Orb.
     0 | D:1      | Reached XP level 1. HP: 13/13 MP: 3/3
   403 | D:1      | Gained mutation: You have sharp toenails. [demonic
                  | ancestry]
   403 | D:1      | Reached XP level 2. HP: 12/20 MP: 5/5
   717 | D:1      | Learned a level 2 spell: Throw Frost
   758 | D:1      | Reached skill level 1 in Fighting
   967 | D:1      | Reached XP level 3. HP: 22/26 MP: 4/7
  1415 | D:2      | Noticed Terence
  1509 | D:2      | Killed Terence
  1509 | D:2      | Gained mutation: Your flesh is heat resistant. (rF+)
                  | [demonic ancestry]
  1509 | D:2      | Reached XP level 4. HP: 27/32 MP: 0/8
  1839 | D:2      | Found a bloodstained altar of Trog.
  1863 | D:2      | Learned a level 3 spell: Ozocubu's Armour
  2290 | D:3      | Noticed Natasha
  2297 | D:3      | Killed Natasha
  2297 | D:3      | Reached XP level 5. HP: 20/38 MP: 4/10
  2306 | D:3      | Learned a level 4 spell: Summon Ice Beast
  2737 | D:3      | Noticed Natasha
  2821 | D:3      | Killed Natasha
  2839 | D:3      | Reached skill level 1 in Summonings
  2859 | D:3      | Noticed Natasha
  2868 | D:3      | Killed Natasha
  3528 | D:4      | Gained mutation: You have razor-sharp toenails. [demonic
                  | ancestry]
  3528 | D:4      | Reached XP level 6. HP: 44/44 MP: 12/12
  3886 | D:4      | Noticed a slave
  3886 | D:4      | Noticed a slave
  3886 | D:4      | Noticed a slave
  3888 | D:4      | Noticed Pikel
  3890 | D:4      | Noticed a slave
  3920 | D:3      | Killed a slave
  4155 | D:3      | Killed a slave
  4375 | D:4      | Killed a slave
  4521 | D:4      | Slain by a phantom

Skill      XL: |  1  2  3  4  5 |
---------------+----------------+-----
Fighting       | 1 2 |  2.2
Ice Magic      | 3 4 |  4.1
Spellcasting   | 3 4 |  4.2
Summonings     | 1 |  1.5
Dodging        | |  1.7
Stealth        | |  1.7
Conjurations   | |  1.0

Action                   |  1- 3 |  4- 6 || total
-------------------------+-------+-------++-------
Melee: Spear             |    84 |   227 ||   311
       Unarmed           |     8 |       ||     8
       Kick              |     5 |       ||     5
 Cast: Freeze            |    27 |    67 ||    94
       Throw Frost       |     4 |    21 ||    25
       Ozocubu's Armour  |       |     4 ||     4
       Summon Ice Beast  |       |     5 ||     5
  Use: Potion            |       |     3 ||     3
 Stab: Sleeping          |     5 |     2 ||     7
       Distracted        |       |     1 ||     1
  Eat: Chunk             |     2 |     8 ||    10
       Ration            |       |     1 ||     1
Armor: Robe              |    29 |    41 ||    70
       Skin              |       |    23 ||    23
Dodge: Dodged            |    69 |   148 ||   217
